 Dungeon Crawl Stone Soup version 0.20-a0-967-g62cfa5d (webtiles) character file.

28501 inmateoo the Grappler (level 13, -6/103 HPs)
             Began as a Bultungin Fighter on Apr 7, 2017.
             Was a High Priest of Cheibriados.
             Mangled by a frost giant
             ... wielding a +0 battleaxe of freezing
              (30 damage)
             ... in an ice cave.
             The game lasted 00:25:21 (14204 turns).

inmateoo the Grappler (Bultungin Fighter)          Turns: 14204, Time: 00:25:22

Health: -6/103     AC: 16    Str: 30    XL:     13   Next: 39%
Magic:  0/22       EV: 19    Int: 19    God:    Cheibriados [*****.]
Gold:   1127       SH: 14    Dex: 26    Spells: 21/24 levels left

rFire    + . .     SeeInvis +     - Unarmed
rCold    . . .     Gourm    .   b - +0 shield
rNeg     . . .     Faith    .   f - +0 scale mail
rPois    .         Spirit   +   (no helmet)
rElec    .         Reflect  .   F - +2 cloak
rCorr    .         Harm     .   g - +0 pair of gloves
MR       .....     Clarity  +   r - +1 pair of boots
Stlth    +.........             I - amulet of guardian spirit
Regen    0.3/turn               i - +2 ring of evasion
MPRegen  0.2/turn               z - ring of protection from fire

@: very slow
A: short attention span, fangs 1, talons 1, see invisible, clarity, strong nose
a: Bend Time, Temporal Distortion, Slouch, Step From Time, Renounce Religion


You were in an ice cave.
You worshipped Cheibriados.
Cheibriados was extremely pleased with you.
You were very hungry.

You visited 1 branch of the dungeon, and saw 11 of its levels.
You also visited: Bailey and Ice Cave.

You collected 1127 gold pieces.

Inventory:

Missiles
 y - 17 javelins of returning (quivered)
 G - 7 javelins
Armour
 b - a +0 shield (worn)
 f - a +0 scale mail (worn)
 g - a +0 pair of gloves (worn)
 r - a +1 pair of boots (worn)
 F - a +2 cloak (worn)
Jewellery
 i - a +2 ring of evasion (left hand)
 v - an uncursed ring of wizardry
 z - a ring of protection from fire (right hand)
 D - an uncursed ring of ice
 H - a +3 ring of intelligence
 I - an amulet of guardian spirit (around neck)
Wands
 u - a wand of enslavement (14/24)
 x - a wand of iceblast (5/15)
 E - a wand of digging (13/24)
 L - a wand of lightning (2/15)
 M - a wand of lightning (7/15)
 O - a wand of lightning (9/15)
Scrolls
 a - 4 scrolls of blinking
 h - 6 scrolls of remove curse
 j - 2 scrolls of amnesia
 m - 3 scrolls of teleportation
 o - 2 scrolls of recharging
 p - 13 scrolls of identify
 w - a scroll of enchant weapon
 K - a scroll of fear
 N - a scroll of fog
Potions
 c - 3 potions of might
 e - 4 potions of curing
 k - a potion of agility
 s - 3 potions of lignification
 t - 2 potions of heal wounds
 A - a potion of flight
 B - a potion of ambrosia
 J - a potion of cancellation
Books
 l - a book of Conjurations

   Spells                             Type                      Level
   a - Magic Dart                     Conjuration                  1
   b - Searing Ray                    Conjuration                  2
   c - Dazzling Spray                 Conjuration/Hexes            3
   d - Fulminant Prism                Conjuration/Hexes            4
   e - Force Lance                    Conjuration/Translocation    4
   f - Iskenderun's Mystic Blast      Conjuration                  4
 C - a book of Necromancy

   Spells                             Type                      Level
   a - Pain                           Necromancy                   1
   b - Animate Skeleton               Necromancy                   1
   c - Vampiric Draining              Necromancy                   3
   d - Regeneration                   Charms/Necromancy            3
   e - Animate Dead                   Necromancy                   4
   f - Control Undead                 Necromancy                   4
Comestibles
 d - 13 bread rations
 n - 6 fruits
 q - 7 meat rations


   Skills:
 + Level 10.1 Fighting
 + Level 6.5 Throwing
 + Level 10.1 Armour
 + Level 7.8 Dodging
 + Level 10.1 Shields
 * Level 11.3 Unarmed Combat
 - Level 6.0 Spellcasting
 + Level 4.0 Charms
 + Level 3.9 Necromancy
 + Level 8.9 Invocations


You had 21 spell levels left.
You knew the following spells:

 Your Spells              Type           Power        Failure   Level  Hunger
a - Regeneration          Chrm/Necr      ###.......   28%         3    ##.....


Dungeon Overview and Level Annotations

Branches:
Dungeon (11/15)            Temple (0/1) D:5            Lair (0/6) D:10
    Orc (0/2) D:10

Altars:
Cheibriados
Elyvilon
Fedhas
Gozag
Okawaru
Qazlal
Vehumet
Wu Jian
Yredelemnul

Shops:
D:5 :=!   D:11 ?


Innate Abilities, Weirdness & Mutations

You have a short attention span.
You have very sharp teeth.
You have supernaturally acute eyesight. (SInv)
Your uncanny sense of smell can sniff out nearby items.
You have sharp toenails.
You possess an exceptional clarity of mind.


Message History

You feel somewhat more hungry.
Cheibriados lowers the support of your attributes as your movement quickens.
The frost giant casts a spell at you. The bolt of cold misses you.
Unknown command.
You can feel time thicken for a moment.
You are feeling very hungry.
Cheibriados lowers the support of your attributes as your movement quickens.
The frost giant completely misses you.
Unknown command.
Unknown command.
You can feel time thicken for a moment.
You kill the polar bear!
Cheibriados thoroughly appreciates the change of pace.
You kill the yak!
Cheibriados thoroughly appreciates the change of pace.
You feel somewhat more hungry.
Cheibriados lowers the support of your attributes as your movement quickens.
The frost giant hits you with a battleaxe of freezing!!
You die...

∆∆∆|# ### ∆∆∆$.
#)## ∆###. #####.[#
##... ###....###
#..YY ##...#....###
#..h###..####.....#
#h..##..#####.....
###.†###.#.#####..
#@C###...⌠.# ##.
###.#.#...## ##
##.###### ######
### ###....#
###...#...
###....#####
##...#### ####...##
##.....##


You could see a frost giant.

Vanquished Creatures
  Fannar (D:10)
  6 two-headed ogres
  Urug (D:10)
  An unseen horror (D:11)
  An orb spider (shapeshifter) (D:10)
  An ice statue (IceCv)
  Joseph (D:7)
  2 rime drakes (IceCv)
  A freezing wraith (D:10)
  13 polar bears (IceCv)
  A hornet (D:10)
  5 hippogriffs
  A shadow (D:11)
  2 wraiths (D:10)
  A vampire (D:10)
  34 yaks
  A wyvern (D:10)
  3 hungry ghosts
  Menkaure (D:6)
  15 orc warriors
  A hornet zombie (D:10)
  4 sky beasts
  4 ice beasts
  2 necrophages
  4 phantoms
  7 ogres
  17 wolves (IceCv)
  A crocodile (D:9)
  16 centaurs
  5 bullfrogs
  4 big kobolds
  6 scorpions
  12 killer bees
  4 howler monkeys
  15 wights
  4 crimson imps
  3 bullfrog zombies
  4 quasits
  2 jellies (D:10)
  A gnoll shaman (D:7)
  6 orc priests
  Crazy Yiuf (D:3)
  4 hounds
  3 bullfrog skeletons
  5 centaur skeletons
  Natasha (thrice) (D:3)
  2 iguanas
  5 worker ants
  18 orc wizards
  A killer bee zombie (D:7)
  A hound skeleton (D:11)
  A howler monkey zombie (D:11)
  2 worker ant zombies
  24 gnolls
  16 adders
  A shadow imp (D:11)
  3 oozes
  An adder skeleton (D:9)
  A worm (D:2)
  3 dart slugs (D:1)
  6 leopard geckos
  82 orcs
  3 giant cockroaches
  38 goblins
  30 hobgoblins
  24 jackals
  3 quokkas
  5 bats
  5 frilled lizards
  18 kobolds
  A leopard gecko zombie (D:9)
  6 rats
530 creatures vanquished.

Vanquished Creatures (others)
  A wolf (IceCv)
1 creature vanquished.

Grand Total: 531 creatures vanquished

Notes
Turn   | Place    | Note
-------+----------+-------------------------------------------
     0 | D:1      | inmateoo the Bultungin Fighter began the quest for the Orb.
     0 | D:1      | Reached XP level 1. HP: 20/20 MP: 1/1
   104 | D:1      | Reached XP level 2. HP: 22/26 MP: 2/2
   625 | D:1      | Reached skill level 4 in Unarmed Combat
   625 | D:1      | Reached XP level 3. HP: 27/32 MP: 3/3
  1269 | D:2      | Reached skill level 5 in Fighting
  1343 | D:2      | Reached XP level 4. HP: 37/39 MP: 4/4
  1449 | D:2      | Reached skill level 5 in Unarmed Combat
  2114 | D:3      | Reached skill level 5 in Armour
  2126 | D:3      | Reached skill level 5 in Shields
  2257 | D:3      | Reached XP level 5. HP: 36/44 MP: 5/5
  2296 | D:3      | Noticed Natasha
  2312 | D:3      | Killed Natasha
  2428 | D:3      | Noticed Natasha
  2433 | D:3      | Killed Natasha
  2468 | D:3      | Reached skill level 6 in Unarmed Combat
  2678 | D:3      | Reached XP level 6. HP: 51/52 MP: 6/6
  2718 | D:3      | Found a runed door.
  2797 | D:3      | Noticed a sky beast
  2816 | D:3      | Killed a sky beast
  2959 | D:3      | Reached skill level 7 in Unarmed Combat
  2961 | D:3      | Noticed Natasha
  2967 | D:3      | Killed Natasha
  3121 | D:3      | Noticed Crazy Yiuf
  3126 | D:3      | Killed Crazy Yiuf
  3223 | D:4      | Reached XP level 7. HP: 50/59 MP: 7/7
  3527 | D:4      | Found a basalt altar of Yredelemnul.
  3529 | D:4      | Found a snail-covered altar of Cheibriados.
  3531 | D:4      | Found a blossoming altar of Fedhas.
  3546 | D:4      | Became a worshipper of Cheibriados the Contemplative
  3921 | D:4      | Found a white marble altar of Elyvilon.
  3921 | D:4      | Found an ornate altar of the Wu Jian Council.
  4008 | D:5      | Entered Level 5 of the Dungeon
  4125 | D:5      | Reached skill level 8 in Unarmed Combat
  4275 | D:5      | Found Wuaxocy's Distillery.
  4285 | D:5      | Reached XP level 8. HP: 53/67 MP: 8/8
  4328 | D:5      | Found Plog's Jewellery Shoppe.
  4394 | D:5      | Found Xehycvoo's Book Shop.
  4404 | D:5      | Found a staircase to the Ecumenical Temple.
  4447 | D:5      | Reached * piety under Cheibriados
  4669 | D:5      | Reached skill level 1 in Invocations
  4761 | D:5      | Reached ** piety under Cheibriados
  4939 | D:5      | Reached *** piety under Cheibriados
  5384 | D:6      | Noticed a two-headed ogre
  5396 | D:6      | Killed a two-headed ogre
  5396 | D:6      | Reached skill level 9 in Unarmed Combat
  5396 | D:6      | Reached XP level 9. HP: 59/74 MP: 9/12
  5515 | D:6      | Noticed Menkaure
  5519 | D:6      | Killed Menkaure
  5843 | D:6      | Reached **** piety under Cheibriados
  5996 | D:6      | Reached skill level 5 in Invocations
  6850 | D:7      | Reached XP level 10. HP: 80/82 MP: 14/14
  7035 | D:7      | Got a polished ring mail
  7046 | D:7      | Identified the +2 ring mail of Youthful Indiscretion {-Cast +Inv rC+++ Int+6} (You found it on level 7 of the Dungeon)
  7069 | D:7      | Noticed Joseph
  7084 | D:7      | Killed Joseph
  7084 | D:7      | Reached skill level 10 in Unarmed Combat
  7450 | D:7      | Reached ***** piety under Cheibriados
  7878 | D:8      | Gained mutation: You have sharp toenails. [mutagenic meat]
  7910 | D:8      | Found a flagged portal.
  7916 | Bailey   | Entered a bailey
  7918 | Bailey   | Gained mutation: You possess an exceptional clarity of mind. [mutagenic meat]
  8122 | Bailey   | Reached skill level 1 in Throwing
  8543 | Bailey   | Reached skill level 1 in Dodging
  8546 | Bailey   | Reached skill level 1 in Spellcasting
  8947 | D:8      | Identified a scroll of acquirement
  8948 | D:8      | Got a twisted buckler
  8960 | D:8      | Identified the +0 buckler of Femir {rElec rC- Int+5 Stlth-} (You acquired it on level 8 of the Dungeon)
  9027 | D:8      | Noticed a two-headed ogre
  9040 | D:8      | Killed a two-headed ogre
  9040 | D:8      | Reached XP level 11. HP: 61/89 MP: 16/16
  9057 | D:8      | Noticed a two-headed ogre
  9070 | D:8      | Killed a two-headed ogre
  9477 | D:8      | Learned a level 3 spell: Regeneration
  9519 | D:8      | Found a stormy altar of Qazlal.
 10130 | D:9      | Noticed a two-headed ogre
 10140 | D:9      | Killed a two-headed ogre
 10252 | D:9      | Found an opulent altar of Gozag.
 10292 | D:9      | Found a radiant altar of Vehumet.
 11302 | D:10     | Entered Level 10 of the Dungeon
 11308 | D:10     | Found an iron altar of Okawaru.
 11321 | D:10     | Noticed Fannar
 11335 | D:10     | Killed Fannar
 11335 | D:10     | Reached skill level 5 in Dodging
 11348 | D:10     | Reached ****** piety under Cheibriados
 11726 | D:10     | Noticed an orb spider
 11732 | D:10     | Killed an orb spider
 11732 | D:10     | Reached skill level 5 in Spellcasting
 11732 | D:10     | Reached XP level 12. HP: 96/96 MP: 19/19
 11838 | D:10     | Noticed Urug
 11859 | D:10     | Killed Urug
 11954 | D:10     | Noticed a two-headed ogre
 11967 | D:10     | Killed a two-headed ogre
 12248 | D:10     | Found a staircase to the Orcish Mines.
 12249 | D:10     | Found a staircase to the Lair.
 12335 | D:10     | Reached skill level 11 in Unarmed Combat
 12484 | D:10     | Noticed a two-headed ogre
 12490 | D:10     | Killed a two-headed ogre
 12725 | D:11     | Found Poadeiqof's Magic Scroll Emporium.
 12727 | D:11     | Reached skill level 1 in Necromancy
 12740 | D:11     | Reached skill level 1 in Charms
 12780 | D:11     | Found a basalt altar of Yredelemnul.
 12868 | D:11     | Reached skill level 5 in Throwing
 12949 | D:11     | Reached skill level 10 in Shields
 13033 | D:11     | Found a frozen archway.
 13065 | IceCv    | Entered an ice cave
 13134 | IceCv    | Reached skill level 10 in Armour
 13294 | IceCv    | Reached XP level 13. HP: 96/103 MP: 22/22
 13366 | IceCv    | Reached skill level 10 in Fighting
 14190 | IceCv    | Noticed a frost giant
 14204 | IceCv    | Mangled by a frost giant

Vault maps used:
D:1:      eino_arrival_cavern_d, serial_curves, eino_curves_04, eino_curves_04
D:3:      first_bread, uniq_natasha, uniq_crazy_yiuf_cottage
D:4:      grunt_temple_overflow_open, amethyst_overflow_temple_binary,
          grunt_decor_cap, ldierk_geyser
D:5:      minmay_goblin_kobold_castle, temple_green, serial_shops,
          nicolae_shop_trees, shop_statue, nicolae_shop_stone,
          minmay_misc_feat_secret_circle, kennysheep_generic_room_11
D:6:      minmay_flawed_box, minmay_unpleasant_kobolds, uniq_menkaure
D:7:      grunt_ogre_cave, uniq_joseph
D:8:      nicolae_overflow_crystal_walls, enter_bailey_3,
          kennysheep_generic_room_3
D:9:      vehumet_crystals, grunt_gozag_breadcrumbs
D:10:     hangedman_cross_cluster, okawaru_metal_pillars_3, uniq_fannar,
          uniq_urug
D:11:     kennysheep_spiral_hall, portal_ice_cave_entry_pillars_1, serial_shops,
          shop, basic_altar, solitary_fountain
Bailey:   bailey_polearm_flooded_kennysheep, bailey
IceCv:    ice_cave_caverns_01

Skill      XL: |  1  2  3  4  5  6  7  8  9 10 11 12 13 |
---------------+----------------------------------------+-----
Unarmed Combat | 4 5 6 7 8 9 10 11 | 11.3
Fighting       | 5 6 7 8 9 10 | 10.1
Armour         | 5 6 7 8 9 10 | 10.1
Shields        | 5 6 8 9 10 | 10.1
Invocations    | 4 5 7 8 |  8.9
Throwing       | 4 5 6 |  6.5
Dodging        | 2 5 7 |  7.8
Spellcasting   | 2 5 6 |  6.0
Necromancy     | 3 |  3.9
Charms         | 3 4 |  4.0

Action                   |  1- 3 |  4- 6 |  7- 9 | 10-12 | 13-15 || total
-------------------------+-------+-------+-------+-------+-------++-------
Melee: Unarmed           |   105 |   233 |   460 |   819 |   178 ||  1795
       Bite              |    12 |    22 |    64 |   188 |    43 ||   329
Throw: Javelin           |       |       |       |    35 |       ||    35
Invok: Slouch            |       |       |       |     8 |     6 ||    14
  Use: Scroll            |       |    13 |     1 |     9 |     1 ||    24
       Potion            |       |     1 |       |     2 |     2 ||     5
 Stab: Invisible         |       |     8 |       |       |       ||     8
  Eat: Chunk             |     1 |     6 |     9 |    16 |     2 ||    34
       Royal jelly       |       |       |       |     1 |       ||     1
Armor: Scale mail        |    30 |    72 |   143 |   134 |    26 ||   405
       Ring mail         |       |       |       |    71 |       ||    71
Dodge: Dodged            |    29 |    81 |   150 |   429 |    97 ||   786
Block: Shield            |    39 |   112 |   274 |   620 |   124 ||  1169
       Buckler           |       |       |       |    19 |       ||    19
